 Dungeon Crawl Stone Soup version 0.31-a0-836-g3ceb0a68c4 (webtiles) character file.

Game seed: 7799586670888389408

189 Maratek the Magician (level 6, -2/41 HPs)
             Began as a Djinni Ice Elementalist on Sept 26, 2023.
             Slain by Duvessa
             ... wielding a +0 rapier
              (14 damage)
             ... on level 4 of the Dungeon.
             The game lasted 00:07:30 (3297 turns).

Maratek the Magician (Djinni Ice Elementalist)      Turns: 3297, Time: 00:07:31

Health: -2/41      AC:  4    Str:  9    XL:     6   Next: 0%
Gold:   133        EV: 13    Int: 19    God:
                   SH:  0    Dex: 13

rFire   + + +        q - +3 whip of the Spinneret {heavy, Str+2}
rCold   x x .        (no shield)
rNeg    . . .        a - +0 robe
rPois   ∞            (no helmet)
rElec   .            (no cloak)
rCorr   .            d - +1 pair of gloves
SInv    .            (boots unavailable)
Will    .....        (no amulet)
Stlth   ++           j - ring of fire
HPRegen 0.26/turn    (no ring)
MPRegen 0.00/turn

%: infuse magic (-3 HP)
@: freezing walls, flying
A: sickness immunity, fire resistance 2, cold vulnerability 1, float, innate
caster, HP casting, extra vitality 1
a: no special abilities


You were on level 4 of the Dungeon.
You visited 1 branch of the dungeon, and saw 4 of its levels.

You collected 133 gold pieces.

Inventory:

Hand Weapons
 q - the +3 whip of the Spinneret (weapon) {heavy, Str+2}
   (You found it on level 3 of the Dungeon)

   Str+2:     It affects your strength (+2).
Armour
 a - a +0 robe (worn)
 d - a +1 pair of gloves (worn)
Jewellery
 j - a ring of fire (left hand)
 l - an amulet of faith
Wands
 k - a wand of digging (7)
Scrolls
 f - 3 scrolls of fog
 g - a scroll of enchant armour
 m - 2 scrolls of teleportation
 p - a scroll of torment {unknown}
 t - a scroll of revelation {unknown}
Potions
 e - 2 potions of heal wounds {unknown}
 h - a potion of brilliance {unknown}
 i - a potion of magic {unknown}
 n - a potion of might {unknown}
 o - a potion of haste {unknown}
 r - a potion of degeneration {unknown}
 s - a potion of curing {unknown}


   Skills:
 + Level 0.7 Fighting
 + Level 0.3 Maces & Flails
 + Level 3.6 Dodging
 + Level 2.9 Stealth
 * Level 4.2 Spellcasting
 * Level 4.2 Conjurations
 * Level 4.2 Hexes
 * Level 4.2 Summonings
 * Level 4.2 Necromancy
 * Level 4.2 Translocations
 * Level 4.2 Transmutations
 * Level 4.2 Fire Magic
 * Level 4.2 Ice Magic
 * Level 4.2 Air Magic
 * Level 4.2 Earth Magic
 * Level 4.2 Poison Magic


You knew the following spells:

 Your Spells              Type           Power      Damage    Failure   Level
a - Freeze                Ice            80%        1d9       2%          1
b - Frozen Ramparts       Ice            40%        1d7       7%          3
c - Ozocubu's Armour      Ice            20%        N/A       7%          3
d - Summon Ice Beast      Ice/Summ       20%        N/A       22%         4
e - Apportation           Tloc           40%        N/A       2%          1
f - Scorch                Fire           60%        2d7       3%          2
Your spell library was empty.

Dungeon Overview and Level Annotations

Branches:
Dungeon (4/15)
 Temple: D:4-7

Altars:
Trog

Annotations:
D:4 Duvessa


Innate Abilities, Weirdness & Mutations

You are immune to sickness and miasma.
You are immune to poison.
Your flesh is very heat resistant. (rF++)
You are vulnerable to cold. (rC-)
You float through the air rather than walking.
You learn spells naturally, not from books.
Your magical power is your life essence.
You have superior vitality. (+4 MHP)


Message History

You are too injured to fight recklessly!
You are too injured to fight recklessly!
You closely miss Duvessa.
Duvessa is moderately wounded.
The wall freezes Dowan but does no damage.
Dowan closely misses you.
The wall freezes Duvessa but does no damage.
Duvessa zaps a wand.
The puff of flame hits you. You resist.
The wall freezes Dowan.
Dowan hits you with a +0 dagger.
The wall freezes Duvessa but does no damage.
Duvessa hits you but does no damage.
You are too injured to fight recklessly!
Aiming: Freeze (safe; 2% risk of failure)
Press: ? - help, Q - select action, (/) - cycle Shift-Dir - straight line, f - Duvessa
Aim: Duvessa, wielding a +0 rapier, wearing a +3 leather armour of poison resistance and carrying a wand of flame (moderately wounded)
You freeze Duvessa.
Duvessa is heavily wounded.
You are no longer glowing.
The wall freezes Dowan.
You kill Dowan!
Duvessa weeps, and shakes her weapon.
Duvessa goes berserk!
The wall freezes Duvessa but does no damage.
Duvessa completely misses you.
You have reached level 6!
Aiming: Freeze (safe; 2% risk of failure)
Press: ? - help, Q - select action, (/) - cycle Shift-Dir - straight line, f/p - Duvessa
Aim: Duvessa, wielding a +0 rapier, wearing a +3 leather armour of poison resistance and carrying a wand of flame (heavily wounded, berserk)
You freeze Duvessa.
Duvessa is heavily wounded.
* * * LOW HITPOINT WARNING * * *
The wall freezes Duvessa.
Duvessa closely misses you.
Aiming: Freeze (safe; 2% risk of failure)
Press: ? - help, Q - select action, (/) - cycle Shift-Dir - straight line, f/p - Duvessa
Aim: Duvessa, wielding a +0 rapier, wearing a +3 leather armour of poison resistance and carrying a wand of flame (severely wounded, berserk)
You freeze Duvessa!
Duvessa is severely wounded.
* * * LOW HITPOINT WARNING * * *
The wall freezes Duvessa.
Duvessa hits you with a +0 rapier!
You die...

#..#...........
#..#............ .).....
#.......................
..............# ........
.....)###....###./......
##...†.##...............
.#.....#................
>..............##).....# .
.......#..#....†@e..# ..
##...####..##.......######...
..... #..####....#...#..$...
..... ##.# ......#..........
..... #.#....#..##.......#
..... .......##..##<..# .##
..##..........###
..####..#..##### .. ##


You could see Duvessa (berserk).

Vanquished Creatures
  Dowan (D:4)
  5 adders
  4 worms (D:2)
  A dart slug (D:2)
  7 orcs (D:3)
  5 endoplasms
  4 giant cockroaches
  7 goblins
  6 hobgoblins
  3 jackals (D:1)
  8 kobolds
  5 quokkas
  6 ball pythons
  4 bats
  4 frilled lizards
  3 rats
73 creatures vanquished.

Notes
Turn   | Place    | Note
-------+----------+-------------------------------------------
     0 | D:1      | Maratek the Djinni Ice Elementalist began the quest for the
                  | Orb.
     0 | D:1      | Maratek set off with the following spells memorised:
                  | Freeze, Frozen Ramparts, Ozocubu's Armour, Summon Ice
                  | Beast.
     0 | D:1      | Reached XP level 1. HP: 15/15 MP: 0/0
   218 | D:1      | Reached XP level 2. HP: 19/21 MP: 0/0
   628 | D:1      | Found a faded altar of an unknown god.
   916 | D:2      | Reached XP level 3. HP: 23/25 MP: 0/0
   916 | D:2      | Learned a level 1 spell: Apportation
  1728 | D:2      | Reached XP level 4. HP: 19/31 MP: 0/0
  2327 | D:3      | Found a bloodstained altar of Trog.
  2377 | D:3      | Reached XP level 5. HP: 32/36 MP: 0/0
  2377 | D:3      | Learned a level 2 spell: Scorch
  2388 | D:3      | Identified the +3 whip of the Spinneret {heavy, Str+2}
  3055 | D:4      | Noticed Dowan
  3056 | D:4      | Noticed Duvessa
  3295 | D:4      | Killed Dowan
  3296 | D:4      | Reached XP level 6. HP: 13/41 MP: 0/0
  3297 | D:4      | Slain by Duvessa

Illustrated notes

Levels and vault maps discovered:
D:1:      dpeg_arrival_rooms_b, layout_basic, dilly_ecumenical_altar_fadedgnrine
D:2:      minmay_diamond_boxcup, layout_basic, dk_vineyard_1
D:3:      layout_basic, overflow_temple_1_default, eino_tiny_chamber
D:4:      layout_cave_pools, uniq_crazy_yiuf_cottage, uniq_duvessa, uniq_pikel

Skill      XL: |  1  2  3  4  5 |
---------------+----------------+-----
Stealth        | 2 |  2.9
Dodging        | 3 |  3.6
Spellcasting   | 4 |  4.2
Conjurations   | 4 |  4.2
Hexes          | 4 |  4.2
Summonings     | 4 |  4.2
Necromancy     | 4 |  4.2
Translocations | 4 |  4.2
Transmutations | 4 |  4.2
Fire Magic     | 4 |  4.2
Ice Magic      | 4 |  4.2
Air Magic      | 4 |  4.2
Earth Magic    | 4 |  4.2
Poison Magic   | 4 |  4.2
Fighting       | |  0.7
Maces & Flails | |  0.3

Action                     |  1- 3 |  4- 6 || total
---------------------------+-------+-------++-------
  Melee: Unarmed           |     4 |     2 ||     6
         Whip              |       |    19 ||    19
         Punch             |       |     1 ||     1
   Cast: Freeze            |    64 |    67 ||   131
         Frozen Ramparts   |       |     3 ||     3
    Use: Scroll            |       |     4 ||     4
 Armour: Robe              |    32 |    51 ||    83
  Dodge: Dodged            |    44 |    61 ||   105

Table legend: (Time is in decaauts)
 A = Elapsed time spent in this place.
 B = Non-inter-level travel time spent in this place.
 C = Inter-level travel time spent in this place.
 D = Time resting spent in this place.
 E = Time spent auto-exploring this place.
 F = Levels seen in this place.
 G = Mean time per level.
                   A        B        C        D        E       F      G
               +--------+--------+--------+--------+--------+-----+--------+
         Total |   3308 |   3119 |    189 |    598 |   2088 |   4 |  827.0 |
       Dungeon |   3308 |   3119 |    189 |    598 |   2088 |   4 |  827.0 |
               +--------+--------+--------+--------+--------+-----+--------+

Top non-repeatable levels by time:
     D:2: 1359 daAuts
     D:3: 987 daAuts
     D:1: 906 daAuts
     D:4: 55 daAuts
